 Dungeon Crawl Stone Soup version 0.29.0-4-gdea44cf6ec (webtiles) character file.

Game seed: 3866786302549945673

62 qw the Chopper (level 4, -2/26 HPs)
             Began as a Tengu Warper on Aug 28, 2022.
             Asphyxiated
             ... on level 2 of the Dungeon.
             The game lasted 00:00:10 (2311 turns).

qw the Chopper (Tengu Warper)                       Turns: 2311, Time: 00:00:11

Health: -2/26      AC:  3    Str: 13    XL:     4   Next: 8%
Magic:  8/8        EV: 12    Int: 14    God:
Gold:   57         SH:  0    Dex: 13    Spells: 7/7 levels left

rFire   . . .      SeeInvis .   Y - +0 hand axe
rCold   . . .      Faith    .   (no shield)
rNeg    . . .      Spirit   .   b - +0 leather armour
rPois   .          Reflect  .   (helmet restricted)
rElec   .          Harm     .   (no cloak)
rCorr   .          Rampage  .   (no gloves)
Will    .....                   (boots unavailable)
Stlth   +.........              (no amulet)
HPRegen 0.08/turn               (no ring)
MPRegen 0.11/turn               (no ring)

@: lethally poisoned (-2 -> -30), slowed, very slow
A: beak, talons 3
a: no special abilities


You were on level 2 of the Dungeon.
You visited 1 branch of the dungeon, and saw 2 of its levels.

You collected 57 gold pieces.


Innate Abilities, Weirdness & Mutations

You have a beak for a mouth.
You have claws for feet.


   Skills:
 - Level 2.0 Fighting
 + Level 4.7 Axes
 - Level 1.0 Throwing
 - Level 1.1 Armour
 - Level 2.1 Dodging
 - Level 2.0 Spellcasting
 - Level 2.4 Translocations


You had 7 spell levels left.
You didn't know any spells.
Your spell library contained the following spells:

 Spells                   Type           Power      Damage    Failure   Level
 Blink                    Tloc           16%        N/A       17%         2
 Gell's Gravitas          Tloc           8%         N/A       34%         3
 Lesser Beckoning         Tloc           8%         N/A       34%         3
 Teleport Other           Tloc           8%         N/A       34%         3
 Manifold Assault         Tloc           8%         N/A       97%         5

Inventory:

Hand Weapons
 c - a +0 whip
 Y - a +0 hand axe (weapon)
Missiles
 d - a boomerang (quivered)
Armour
 a - a +0 chain mail
 b - a +0 leather armour (worn)
 g - a +0 cloak
Potions
 e - a potion of brilliance {unknown}
 f - 2 potions of attraction {unknown}
 h - 2 potions of heal wounds {unknown}
 i - a potion of berserk rage {unknown}
 j - a potion of degeneration {unknown}

Dungeon Overview and Level Annotations

Branches:
Dungeon (2/15)

Altars:


Message History

You barely miss the jackal.
The jackal stops to sniff the ground.
The jackal bites you.
You hit the jackal.
You kill the jackal!
You start resting.
HP restored.
Found a robe.
Found a quarterstaff.
Found a hand axe.
g - a +0 cloak You see here a +0 quarterstaff.
You now have 57 gold pieces (gained 4).
j - a coppery potion A goblin comes into view.
It is wielding a +0 dagger and quivering curare-tipped darts.
The goblin shouts!
Enter note: Throw: boomerang
Press: ? - help, Q - select action Shift-Dir - straight line, f - goblin You throw a boomerang.
The boomerang barely misses the goblin.
The goblin throws a curare-tipped dart.
The curare-tipped dart hits you.
You are poisoned.
You have difficulty breathing.
You feel yourself slow down.
The goblin drinks a potion.
The goblin flickers and vanishes!
Deactivating autopickup; reactivate with Ctrl-A.
You swing at nothing.
You feel very sick.
A curare-tipped dart appears from out of thin air!
The curare-tipped dart hits you.
You are lethally poisoned!
You have difficulty breathing.
You feel as though you will be slow longer.
An orc comes into view. It is wielding a +0 falchion.
2311 ||| FLEEEEING.
You feel very sick.
A curare-tipped dart appears from out of thin air!
The curare-tipped dart hits you.
You are more poisoned.
You have difficulty breathing.
You die...

.#####.#.# ##
.#...#.#.# ..#
.#.#.#.#.# #.###
.#.#.#.#.# ##...####
.#.#.#.#.###.......#
.#.#...........###.##
.#.###.#..).))......
.#.....####.).....##
.).#####
#)###.@..###### )..#
#.####.##.........{o
...#
#..)...##.....######
.### #..<#####....###
.# ######.........#
.# #.##......# .#
#######.##......# .#
#.......##......# .#
#.########......#


There were no monsters in sight!

Vanquished Creatures
  An adder (D:2)
  3 dart slugs
  5 orcs (D:2)
  2 bats
  3 endoplasms (D:1)
  2 giant cockroaches
  7 goblins
  A hobgoblin (D:2)
  5 jackals
  2 kobolds
  A quokka (D:2)
  A ball python (D:2)
  2 frilled lizards (D:1)
  3 rats
38 creatures vanquished.

Notes
Turn   | Place    | Note
-------+----------+-------------------------------------------
     0 | D:1      | qw the Tengu Warper began the quest for the Orb.
     0 | D:1      | Reached XP level 1. HP: 12/12 MP: 4/4
     0 | D:1      | 0 ||| qw: Version: 0.1-a-89-g26bdef1
     0 | D:1      | 0 ||| qw: Game counter: 3328
     0 | D:1      | 0 ||| qw: Always use a shield: true
     0 | D:1      | 0 ||| qw: God list: Okawaru
     0 | D:1      | 0 ||| qw: Allow faded altars: false
     0 | D:1      | 0 ||| qw: Do Orc after D:15 true
     0 | D:1      | 0 ||| qw: Do second Lair branch before Depths: true
     0 | D:1      | 0 ||| qw: Lair rune preference: random
     0 | D:1      | 0 ||| qw: Plans: Normal
     0 | D:1      | 0 ||| PLANNING D:1-11
   235 | D:1      | Reached XP level 2. HP: 6/17 MP: 6/6
   454 | D:1      | Reached skill level 3 in Axes
   738 | D:1      | Found a faded altar of an unknown god.
  1162 | D:1      | Reached XP level 3. HP: 18/21 MP: 7/7
  1410 | D:1      | 1410 ||| DROPPING ring of magical power.
  1411 | D:1      | 1411 ||| READING scroll labelled XAELER GEIRCHI.
  1412 | D:1      | 1412 ||| READING scroll labelled IGOTEOTICH.
  1416 | D:1      | 1416 ||| READING scroll labelled UGAIFFOAHE.
  1517 | D:1      | 1517 ||| DROPPING scroll of blinking.
  1548 | D:2      | Reached skill level 4 in Axes
  1553 | D:2      | 1553 ||| FLEEEEING.
  1554 | D:2      | 1554 ||| FLEEEEING.
  1556 | D:2      | 1556 ||| FLEEEEING.
  1558 | D:2      | 1558 ||| STAIRDANCE
  1672 | D:2      | 1672 ||| Stepping ~*~*~tactically~*~*~ (stealth).
  1674 | D:2      | 1674 ||| Stepping ~*~*~tactically~*~*~ (stealth).
  1676 | D:2      | 1676 ||| Stepping ~*~*~tactically~*~*~ (stealth).
  1678 | D:2      | 1678 ||| Stepping ~*~*~tactically~*~*~ (stealth).
  1680 | D:2      | 1680 ||| Stepping ~*~*~tactically~*~*~ (stealth).
  1712 | D:2      | 1712 ||| FLEEEEING.
  1713 | D:2      | 1713 ||| FLEEEEING.
  1714 | D:2      | 1714 ||| FLEEEEING.
  1715 | D:2      | 1715 ||| STAIRDANCE
  1826 | D:2      | 1826 ||| STAIRDANCE
  1903 | D:2      | 1903 ||| DROPPING +0 club.
  1926 | D:2      | 1926 ||| Stepping ~*~*~tactically~*~*~ (stealth).
  1937 | D:2      | 1937 ||| FLEEEEING.
  1938 | D:2      | 1938 ||| FLEEEEING.
  1939 | D:2      | 1939 ||| FLEEEEING.
  1940 | D:2      | 1940 ||| FLEEEEING.
  1942 | D:2      | 1942 ||| FLEEEEING.
  2028 | D:2      | Reached XP level 4. HP: 19/26 MP: 8/8
  2118 | D:2      | 2118 ||| Stepping ~*~*~tactically~*~*~ (hiding).
  2311 | D:2      | 2311 ||| FLEEEEING.
  2311 | D:2      | HP: 3/26 [poisoned by something (curare-tipped dart)]
  2311 | D:2      | Asphyxiated

Levels and vault maps discovered:
D:1:      arrival_zaba_pyramid, layout_loops_corners,
          chequers_ecumenical_altar_simple, st_stairs_12, minivault_19
D:2:      layout_basic, minmay_cupped

Skill      XL: |  1  2  3 |
---------------+----------+-----
Axes           | 3 4 |  4.7
Fighting       | |  2.0
Throwing       | |  1.0
Armour         | |  1.1
Dodging        | |  2.1
Spellcasting   | |  2.0
Translocations | |  2.4

Action                   |  1- 3 |  4- 6 || total
-------------------------+-------+-------++-------
Melee: Hand axe          |    66 |     4 ||    70
       Peck              |    12 |       ||    12
       Kick              |    11 |       ||    11
       Punch             |     1 |       ||     1
Throw: Boomerang         |    15 |     1 ||    16
  Use: Scroll            |     3 |       ||     3
Armor: Leather armour    |    10 |       ||    10
Dodge: Dodged            |    28 |     2 ||    30

Table legend:
 A = Non-vault XP
 B = Vault XP
 C = Vault XP percentage of total XP
 D = Non-vault monster count
 E = Vault monster count
 F = Vault count percentage of total count
                 A         B        C        D         E       F
            +---------+---------+-------+---------+---------+-------
      Total |      79 |      10 |  11.2 |      35 |       3 |   7.9
            +---------+---------+-------+---------+---------+-------
        D:1 |      37 |       4 |   9.8 |      20 |       1 |   4.8
        D:2 |      42 |       6 |  12.5 |      15 |       2 |  11.8
            +---------+---------+-------+---------+---------+-------
